Map: Babylon LE

Players

MattBarry

  • Race: Protoss Protoss
  • League: Gold
  • Spawn Location: 5:00

BiZeBoYz

  • Race: Terran Terran
  • League: Gold
  • Spawn Location: 11:00

VOD

Have the link to the VOD?

Description

Time

  • Played on: Jan. 31, 2023, 10:34 a.m.
  • Length: 16:26
Show
View Real Time Build Order
Export as new Build Order

MattBarry Protoss 

Build Orders: Oracle Opening 

Get SALT Encoding   

  12  0:01  Probe (Chrono Boost)  
  13  0:13  Probe (Chrono Boost)  
  14  0:18  Pylon  
  14  0:20  Probe (Chrono Boost)  
  15  0:36  Probe  
  15  0:40  Gateway  
  16  0:44  Assimilator  
  16  0:48  Probe  
  17  1:00  Probe (Chrono Boost)  
  19  1:11  Probe (Chrono Boost)  
  19  1:17  Probe (Chrono Boost)  
  20  1:33  Cybernetics Core  
  20  1:37  Forge  
  20  1:45  Pylon  
  20  2:00  Nexus  
  20  2:05  Probe  
  21  2:16  Stargate  
  21  2:18  Assimilator  
  21  2:20  Probe (Chrono Boost)  
  23  2:30  Probe (Chrono Boost)  
  23  2:33  Adept  
  25  2:47  Gateway  
  25  2:58  Gateway  
  25  3:15  Photon Cannon  
  24  3:20  Oracle (Chrono Boost)  
  27  3:41  Probe  
  28  3:44  Assimilator, Probe  
  28  3:46  Assimilator  
  29  3:48  Oracle  
  29  3:53  Probe  
  33  3:56  Probe  
  34  4:23  Oracle (Chrono Boost)  
  32  4:26  Probe  
  36  4:34  Warp Gate (Chrono Boost), Probe  
  37  4:38  Probe  
  37  4:39  Photon Cannon  
  37  4:40  Shield Battery  
  37  4:44  Shield Battery  
  38  4:58  Oracle  
  41  5:07  Stargate  
  41  5:18  Pylon  
  41  5:20  Pylon  
  41  5:26  Probe x2  
  43  5:36  Oracle (Chrono Boost)  
  43  5:38  Probe x2  
  48  5:50  Probe  
  48  5:51  Probe  
  49  6:20  Void Ray (Chrono Boost)  
  49  6:26  Sentry  
  49  6:28  Stalker  
  49  6:29  Stalker, Void Ray (Chrono Boost)  
  55  6:38  Probe  
  55  6:39  Probe  
  57  6:46  Photon Cannon  
  57  6:51  Photon Cannon, Probe x2  
  59  6:57  Pylon  
  59  7:02  Photon Cannon  
  59  7:03  Probe  
  59  7:07  Pylon  
  60  7:21  Twilight Council  
  60  7:26  Stargate  
  60  7:28  Stargate  
  60  7:33  Oracle (Chrono Boost)  
  60  7:35  Oracle (Chrono Boost)  
  66  7:42  Probe x2  
  68  7:54  Probe x2  
  70  8:06  Probe  
  70  8:08  Probe  
  72  8:18  Protoss Air Armor Level 1, Probe  
  77  8:29  Void Ray  
  77  8:31  Pylon  
  77  8:35  Pylon  
  77  8:39  Pylon  
  67  8:51  Void Ray  
  67  8:56  Photon Cannon  
  67  8:58  Photon Cannon  
  67  9:01  Photon Cannon  
  42  9:08  Photon Cannon  
  28  10:01  Probe  
  29  10:59  Pylon  
  29  11:16  Probe  
  23  12:00  Probe  
  24  12:27  Probe x2 (Chrono Boost)  
  26  12:39  Probe (Chrono Boost)  
  27  12:48  Probe (Chrono Boost)  
  29  12:58  Probe (Chrono Boost)  
  29  13:11  Pylon  
  29  14:06  Nexus  
  18  14:53  Probe  
  11  15:21  Pylon  
Show
View Real Time Build Order
Export as new Build Order

BiZeBoYz Terran 

Build Orders:  

Get SALT Encoding   

  12  0:00  SCV  
  13  0:12  SCV  
  14  0:17  Supply Depot  
  14  0:24  SCV  
  15  0:39  SCV  
  15  0:41  Barracks  
  16  0:46  Supply Depot  
  16  0:51  SCV  
  17  1:03  SCV  
  18  1:09  Supply Depot  
  18  1:16  SCV  
  19  1:23  Refinery x2  
  19  1:29  Orbital Command  
  19  1:40  Barracks  
  19  1:43  Marine  
  20  1:57  SCV  
  21  2:01  Marine  
  22  2:09  SCV  
  23  2:17  Factory  
  23  2:21  SCV  
  23  2:22  Marine  
  25  2:23  Ghost Academy  
  25  2:30  Marine  
  25  2:33  SCV  
  27  2:40  Marine  
  28  2:46  SCV  
  28  2:48  Marine  
  30  2:58  Personal Cloaking  
  30  3:00  SCV  
  31  3:13  Starport, Factory Tech Lab  
  31  3:14  SCV  
  31  3:19  Marine x2  
  33  3:27  SCV  
  35  3:31  Cyclone  
  38  3:39  SCV  
  39  3:51  Barracks Tech Lab  
  39  3:56  Ghost Academy  
  35  4:23  Marine x2  
  33  4:27  Nuke  
  33  4:28  Nuke  
  33  4:38  Command Center  
  33  4:41  Marine  
  33  4:44  Ghost  
  36  4:48  Widow Mine  
  36  4:49  SCV  
  39  5:04  Marine  
  40  5:09  Siege Tank  
  40  5:11  Refinery  
  40  5:12  Refinery  
  43  5:14  SCV  
  44  5:22  Ghost Academy  
  44  5:35  SCV  
  45  5:41  Medivac  
  47  5:49  SCV  
  48  5:52  Orbital Command  
  48  5:53  Bunker  
  46  6:14  Siege Tank  
  46  6:15  Ghost  
  46  6:16  Marine  
  46  6:17  SCV  
  53  6:18  SCV  
  54  6:28  Viking  
  54  6:29  Command Center  
  56  6:39  Engineering Bay  
  56  6:45  SCV x2  
  58  6:47  Marine  
  58  6:49  Ghost  
  61  6:59  SCV  
  62  7:10  Supply Depot  
  62  7:13  Supply Depot  
  62  7:22  SCV, Ghost, Siege Tank  
  68  7:23  Barracks Tech Lab  
  68  7:24  Nuke  
  68  7:33  Command Center  
  68  7:35  Command Center  
  68  7:54  Ghost Academy x2  
  68  7:55  Ghost Academy  
  68  7:58  Siege Tank  
  71  8:07  SCV x2  
  73  8:43  Nuke  
  73  8:44  Nuke x4  
  73  9:05  Missile Turret  
  73  9:07  Missile Turret, Orbital Command  
  73  9:08  Orbital Command  
  73  9:13  Missile Turret  
  73  9:20  Missile Turret x2  
  73  9:23  Cyclone  
  76  9:24  Starport Reactor  
  76  9:30  Missile Turret  
  71  9:46  Mag-Field Accelerator  
  71  9:47  Nuke x2  
  71  9:58  Orbital Command  
  71  10:10  Ghost x2  
  75  10:19  Orbital Command  
  75  10:21  SCV  
  75  10:22  SCV  
  75  10:24  Cyclone  
  78  10:30  Viking  
  78  10:42  SCV x2  
  80  10:43  SCV  
  80  10:46  SCV  
  82  10:50  Hi-Sec Auto Tracking  
  82  10:51  Ghost  
  82  10:56  Cyclone  
  87  11:02  Refinery  
  87  11:04  Refinery  
  87  11:06  SCV, Refinery  
  87  11:07  SCV x2  
  87  11:08  SCV, Refinery  
  91  11:14  Ghost  
  93  11:19  Ghost  
  93  11:22  Factory  
  93  11:24  Factory  
  95  11:26  Armory, SCV x2  
  95  11:27  SCV x2  
  95  11:28  Armory  
  95  11:53  Cyclone  
  98  12:02  SCV  
  98  12:03  SCV x3  
  98  12:08  Supply Depot, Planetary Fortress  
  102  12:25  Cyclone  
  105  12:31  Supply Depot  
  105  12:34  Missile Turret  
  105  12:39  Viking  
  107  12:46  SCV  
  108  12:54  Supply Depot, Missile Turret  
  108  12:57  Cyclone  
  108  12:58  SCV  
  112  13:09  Viking  
  112  13:10  SCV  
  115  13:13  Missile Turret  
  115  13:14  Ghost  
  115  13:15  Ghost  
  115  13:17  Supply Depot  
  119  13:22  SCV  
  120  13:29  Cyclone  
  120  13:33  Missile Turret  
  123  13:39  Viking, Nuke x2  
  123  13:40  Nuke  
  125  13:52  Missile Turret  
  125  14:01  Thor  
  131  14:09  Viking  
  133  14:12  Missile Turret  
  130  14:39  Viking  
  130  14:44  Thor  
  137  15:11  Nuke x3  
  137  15:12  Nuke x2  
  137  15:27  Thor  
Tags
 
League
GoldGold
Matchup
PvT
Replay Pack
Multiplayer
Spawn Locations
Cross Positions
Add a new tag
Caveats
  • Supply blocks, unpowered buildings, or Contaminate may cause inaccurate times.
  • Supply counts are checked every 10 seconds.